Map: 奥德赛 - 天梯版

Players

IIIIIIIIIIII - Winner!

  • Race: Protoss Protoss
  • League: Grandmaster
  • Spawn Location: 5:00

VOD

Have the link to the VOD?

Description

Time

  • Played on: Jan. 22, 2018, 9:52 p.m.
  • Length: 10:26
Show
View Real Time Build Order
Export as new Build Order

IIIIIIIIIIII Protoss - Winner!

Build Orders: 1 Gate Expand, Oracle Opening, Zealot Archon 

Get SALT Encoding   

  12  0:03  Probe  
  12  0:15  Probe  
  12  0:22  Pylon  
  12  0:27  Probe  
  12  0:40  Probe (Chrono Boost)  
  12  0:47  Gateway  
  12  0:50  Probe (Chrono Boost)  
  12  0:51  Assimilator  
  12  0:55  Probe (Chrono Boost)  
  12  1:06  Probe  
  12  1:18  Probe  
  12  1:26  Nexus  
  12  1:37  Cybernetics Core  
  12  1:39  Probe  
  12  1:47  Assimilator  
  12  1:51  Probe  
  12  1:54  Pylon  
  12  2:03  Probe  
  12  2:13  Adept (Chrono Boost)  
  12  2:16  Warp Gate, Probe  
  12  2:28  Probe (Chrono Boost)  
  12  2:31  Adept  
  12  2:40  Probe (Chrono Boost)  
  12  2:41  Stargate  
  12  2:46  Probe (Chrono Boost)  
  12  2:48  Probe (Chrono Boost)  
  12  2:52  Probe (Chrono Boost)  
  12  3:00  Probe (Chrono Boost)  
  12  3:02  Probe (Chrono Boost)  
  12  3:07  Probe x2 (Chrono Boost)  
  12  3:10  Gateway  
  12  3:18  Twilight Council, Probe  
  12  3:22  Oracle (Chrono Boost)  
  12  3:27  Assimilator  
  12  3:29  Assimilator  
  12  3:30  Probe  
  12  3:33  Probe  
  12  3:37  Pylon  
  12  3:42  Probe  
  12  3:45  Probe  
  12  3:55  Charge, Probe  
  12  3:57  Probe  
  12  3:58  Robotics Facility  
  12  4:07  Probe  
  12  4:10  Probe  
  12  4:13  Gateway  
  12  4:16  Gateway  
  12  4:19  Probe  
  12  4:22  Probe  
  12  4:24  Gateway  
  12  4:29  Gateway  
  12  4:33  Pylon  
  12  4:42  Warp Prism (Chrono Boost)  
  12  4:47  Pylon  
  12  4:51  Templar Archives  
  12  4:53  Zealot  
  12  4:56  Zealot  
  12  5:00  Pylon  
  12  5:03  Pylon  
  12  5:16  Probe x2  
  12  5:34  Nexus  
  12  5:37  High Templar x2  
  12  5:38  High Templar x2  
  12  5:39  Zealot x2  
  12  5:41  Probe  
  12  5:42  Probe, Pylon  
  12  5:46  Archon x2  
  12  5:56  Pylon  
  12  5:57  Immortal  
  12  6:01  High Templar x2  
  12  6:03  Probe x2  
  12  6:06  Archon  
  12  6:11  Zealot x3  
  12  6:13  Sentry  
  12  6:15  Probe  
  12  6:19  Probe (Chrono Boost)  
  12  6:23  Robotics Facility  
  12  6:28  Psionic Storm, Probe (Chrono Boost)  
  12  6:31  Probe (Chrono Boost)  
  12  6:37  Immortal, Probe (Chrono Boost)  
  12  6:42  Probe (Chrono Boost)  
  12  6:46  Forge  
  12  6:47  Probe (Chrono Boost)  
  12  6:49  Probe (Chrono Boost)  
  12  6:58  Probe x3 (Chrono Boost)  
  12  7:04  Probe  
  12  7:07  Forge  
  12  7:09  Pylon  
  12  7:10  Pylon  
  12  7:16  Immortal  
  12  7:20  Immortal  
  12  7:23  Assimilator  
  12  7:25  Assimilator  
  12  7:36  Protoss Ground Weapons Level 1 (Chrono Boost)  
  12  7:41  Zealot  
  12  7:42  Zealot x5  
  12  7:45  Gateway  
  12  7:52  Gateway  
  12  7:55  Pylon x2  
  12  7:56  Pylon  
  12  8:00  Immortal (Chrono Boost)  
  12  8:01  Protoss Ground Armor Level 1 (Chrono Boost)  
  12  8:14  Pylon  
  12  8:15  Pylon  
  12  8:17  Pylon  
  12  8:20  Immortal (Chrono Boost)  
  12  8:24  High Templar  
  12  8:25  High Templar x4  
  12  8:26  Zealot  
  12  8:34  Archon x2  
  12  8:36  Immortal (Chrono Boost)  
  12  8:43  Pylon  
  12  8:44  Pylon  
  12  8:47  Zealot x2  
  12  8:48  High Templar  
  12  8:50  Immortal (Chrono Boost)  
  12  9:03  Zealot  
  12  9:04  Immortal (Chrono Boost)  
  12  9:05  High Templar  
  12  9:06  Zealot  
  12  9:10  Zealot  
  12  9:12  Zealot  
  12  9:16  Zealot x2  
  12  9:24  Immortal (Chrono Boost)  
  12  9:25  High Templar  
  12  9:27  Zealot  
  12  9:29  Zealot  
  12  9:33  Immortal (Chrono Boost)  
  12  9:36  Pylon  
  12  9:40  High Templar  
  12  9:41  High Templar  
  12  9:44  Archon x2  
  12  9:45  Archon  
  12  10:20  Zealot  
Tags
 
Add a new tag
Caveats
  • Supply blocks, unpowered buildings, or Contaminate may cause inaccurate times.
  • Supply counts are checked every 10 seconds.